 Dungeon Crawl Stone Soup version 0.23.2 (webtiles) character file.

Game seed: 1711896703463986469

105010 zhovat1 the Tortoise (level 15, -2/211 HPs)
             Began as a Minotaur Fighter on Apr 12, 2019.
             Was the Champion of Okawaru.
             Slain by zhovat1's illusion (17 damage)
             ... woven by Mara
             ... on level 4 of the Swamp.
             The game lasted 00:48:43 (23546 turns).

zhovat1 the Tortoise (Minotaur Fighter)            Turns: 23546, Time: 00:48:44

Health: -2/211     AC: 34    Str: 36    XL:     15   Next: 93%
Magic:  21/22      EV: 11    Int:  7    God:    Okawaru [******]
Gold:   3004       SH: 18    Dex: 16    Spells: 14/14 levels left

rFire    + . .     SeeInvis .   u - +7 morningstar (drain)
rCold    . . .     Gourm    .   c - +1 shield
rNeg     . . .     Faith    .   n - +10 plate armour "Unautoun" {rElec rPois rC-}
rPois    +         Spirit   .   O - +2 hat {MR+}
rElec    +         Reflect  .   B - scarf {rC+ rF+}
rCorr    .         Harm     .   K - +2 pair of gloves {Dex+3}
MR       +++..                  (no boots)
Stlth    ..........             y - amulet of rage
HPRegen  0.45/turn              v - ring of protection from magic
MPRegen  0.18/turn              b - ring of Attitude {Wiz Str+7 Int+2}

@: berserking, heroism, heavily drained, very quick
A: retaliatory headbutt, horns 2
a: Heroism, Finesse, Renounce Religion, Evoke Berserk Rage


You were on level 4 of the Swamp.
You worshipped Okawaru.
Okawaru was exalted by your worship.
You were near starving.

You visited 4 branches of the dungeon, and saw 23 of its levels.
You also visited: Gauntlet.

You collected 3004 gold pieces.

Inventory:

Hand Weapons
 u - a +7 morningstar of draining (weapon)
 V - the +6 mace "Jeefaucre" {protect, +Blink Int+6 Dex+2}
   (Okawaru gifted it to you on level 4 of the Swamp)

   It protects the one who uses it against injury (+AC on strike).
   It affects your intelligence (+6).
   It affects your dexterity (+2).
   It lets you blink.
Armour
 c - a +1 shield (worn)
 l - a +2 cloak of invisibility
 n - the +10 plate armour "Unautoun" (worn) {rElec rPois rC-}
   (You acquired it on level 7 of the Dungeon)

   It makes you vulnerable to cold.
   It insulates you from electricity.
   It protects you from poison.
 B - a scarf of resistance (worn)
 K - a +2 pair of gloves of dexterity (worn)
 O - a +2 hat of magic resistance (worn)
Jewellery
 b - the ring of Attitude (right hand) {Wiz Str+7 Int+2}
   (You took it off a minotaur in a Gauntlet)

   [ring of wizardry]

   It improves your spell success rate.
   It affects your strength (+7).
   It affects your intelligence (+2).
 v - a ring of protection from magic (left hand)
 y - an amulet of rage (around neck)
 z - an uncursed ring of see invisible
 T - the ring of Shadows {Umbra +Inv Stlth+}
   (You found it on level 2 of the Swamp)

   [ring of stealth]

   It lets you turn invisible.
   It makes you more stealthy.
Wands
 i - a wand of acid (19)
 x - a wand of enslavement (7)
 A - a wand of random effects (47)
 C - a wand of polymorph (24)
 F - a wand of flame (37)
 G - a wand of disintegration (16)
 M - a wand of paralysis (23)
 Q - a wand of iceblast (18)
Scrolls
 g - 3 scrolls of blinking
 h - a scroll of enchant armour
 j - 12 scrolls of teleportation
 o - a scroll of enchant weapon
 p - a scroll of brand weapon
 r - 7 scrolls of amnesia
 s - 9 scrolls of remove curse
 w - 4 scrolls of fog
 E - 5 scrolls of magic mapping
 P - 3 scrolls of fear
 S - a scroll of acquirement
 U - a scroll of summoning
Potions
 a - 3 potions of resistance
 d - 2 potions of might
 e - 5 potions of agility
 k - 13 potions of curing
 m - 2 potions of haste
 q - 5 potions of cancellation
 t - 3 potions of berserk rage
 H - a potion of magic {unknown}
 J - 3 potions of ambrosia
 N - 2 potions of brilliance {unknown}
Comestibles
 f - 31 rations


   Skills:
 + Level 15.2(18.3) Fighting
 + Level 15.1(18.2) Maces & Flails
 + Level 15.3(18.4) Armour
 + Level 15.2(18.3) Shields
 - Level 3.0(6.6) Unarmed Combat
 + Level 4.3(3.0) Invocations
 + Level 11.3(9.7) Evocations


You had 14 spell levels left.
You didn't know any spells.
Your spell library contained the following spells:

 Spells                   Type           Power        Failure   Level  Hunger
 Animate Skeleton         Necr           N/A          52%         1    ##.....
 Apportation              Tloc           #.....       52%         1    ##.....
 Beastly Appendage        Tmut           #.....       52%         1    ##.....
 Confusing Touch          Hex            #.....       52%         1    ##.....
 Infusion                 Chrm           #...         52%         1    ##.....
 Magic Dart               Conj           #...         52%         1    ##.....
 Summon Small Mammal      Summ           #...         52%         1    ##.....
 Blink                    Tloc           N/A          65%         2    ###....
 Call Imp                 Summ           #.......     65%         2    ###....
 Corpse Rot               Necr           N/A          65%         2    ###....
 Searing Ray              Conj           #.....       65%         2    ###....
 Shroud of Golubria       Chrm/Tloc      #.........   65%         2    ###....
 Slow                     Hex            #.......     65%         2    ###....
 Song of Slaying          Chrm           #.......     65%         2    ###....
 Sticks to Snakes         Tmut           #.......     65%         2    ###....
 Sublimation of Blood     Necr           #.........   65%         2    ###....
 Confuse                  Hex            #.......     86%         3    ####...
 Conjure Flame            Conj/Fire      #.......     86%         3    ####...
 Dazzling Spray           Conj/Hex       #.....       86%         3    ####...
 Gell's Gravitas          Tloc           #.........   86%         3    ####...
 Mephitic Cloud           Conj/Pois/Air  #.......     86%         3    ####...
 Portal Projectile        Hex/Tloc       #.....       86%         3    ####...
 Regeneration             Chrm/Necr      #.........   86%         3    ####...
 Spectral Weapon          Hex/Chrm       #.......     86%         3    ####...
 Spider Form              Tmut/Pois      #.........   86%         3    ####...
 Cause Fear               Hex            #.........   99%         4    #####..
 Force Lance              Conj/Tloc      #.......     99%         4    #####..
 Fulminant Prism          Conj/Hex       #.........   99%         4    #####..
 Ice Form                 Ice/Tmut       #.......     99%         4    #####..
 Iskenderun's Mystic Bla  Conj           #.......     99%         4    #####..
 Petrify                  Tmut/Erth      #.......     99%         4    #####..
 Agony                    Necr           #.......     100%        5    ######.
 Blade Hands              Tmut           #.........   100%        5    ######.
 Bolt of Draining         Conj/Necr      #.........   100%        5    ######.
 Bolt of Magma            Conj/Fire/Erth #.........   100%        5    ######.
 Dispel Undead            Necr           #.......     100%        5    ######.
 Excruciating Wounds      Chrm/Necr      #.........   100%        5    ######.
 Iskenderun's Battlesphe  Conj/Chrm      #.......     100%        5    ######.
 Metabolic Englaciation   Hex/Ice        #.........   100%        5    ######.
 Silence                  Hex/Air        #.........   100%        5    ######.
 Venom Bolt               Conj/Pois      #.........   100%        5    ######.
 Yara's Violent Unravell  Hex/Tmut       #.........   100%        5    ######.
 Deflect Missiles         Chrm/Air       #.........   100%        6    #######
 Dispersal                Tloc           #.........   100%        6    #######
 Iron Shot                Conj/Erth      #.........   100%        6    #######
 Orb of Destruction       Conj           #.........   100%        7    #######
 Spellforged Servitor     Conj/Summ      #.........   100%        7    #######
 Controlled Blink         Tloc           N/A          100%        8    #######
 Discord                  Hex            #.........   100%        8    #######
 Disjunction              Tloc           #.........   100%        8    #######


Dungeon Overview and Level Annotations

Branches:
Dungeon (11/15)            Temple (0/1) D:7            Lair (6/6) D:11
  Swamp (4/4) Lair:2       Spider (0/4) Lair:3        Slime (0/5) Lair:6
    Orc (2/2) D:9             Elf (0/3) Orc:2

Altars:
Ashenzari
Dithmenos
Elyvilon
Fedhas
Gozag
Makhleb
Okawaru
Sif Muna
Trog
Uskayaw
Vehumet
Xom
The Shining One

Shops:
D:11 :   Orc:2 :[%*

Annotations:
D:4 3 runed translucent doors, dusk1985's ghost, amateur HOMo
D:11 1 runed translucent door
Swamp:4 Mara


Innate Abilities, Weirdness & Mutations

You reflexively headbutt those who attack you in melee.
You have a pair of horns on your head.


Message History

You kill the swamp dragon!
Okawaru accepts your kill.
Mara calls, "Stop!
In seven days from now the wheel of empire will appear!"
Zhovat1's illusion hits you but does no damage.
You feel drained.
You puncture Mara! Your headbutt misses Mara.
Mara is moderately wounded.
You bludgeon Mara!!
Mara is heavily wounded.
Mara barely misses you. You block zhovat1's illusion's attack.
You barely miss Mara.
Mara is heavily wounded.
You barely miss Mara.
Mara is heavily wounded.
Mara hits you but does no damage.
You writhe in agony!!
* * * LOW HITPOINT WARNING * * *
You hit Mara but do no damage.
Mara is heavily wounded.
Zhovat1's illusion hits you!
You die...

≈≈≈..≈....≈≈≈♣♣♣ ≈
≈≈♣.≈...≈≈≈.♣≈.♣≈
≈≈≈...≈≈≈≈≈≈..≈.
≈♣.≈..≈≈≈≈≈≈..♣♣
♣≈≈≈.≈≈≈.♣♣≈..(♣♣♣
≈≈≈≈≈.††[÷..≈≈..≈♣
≈...≈≈.†...(≈≈≈.≈♣
....≈≈≈♣♣♣R..≈..♣♣♣
≈≈..♣♣♣ ♣♣@.≈≈.≈≈≈♣ ≈≈≈
♣°@≈≈≈≈.≈≈♣♣ ≈ ≈≈
♣°°°..♣.≈≈.♣ ♣♣♣. R
♣°≈°..♣♣.≈.♣ ♣.[.♣ ♣♣♣
♣♣...≈.♣≈..♣ ♣≈≈≈.≈ ♣...
♣♣≈.≈≈.≈♣.≈♣♣≈≈≈≈.♣
♣≈≈≈♣♣...≈≈≈.<..≈♣≈.≈.≈♣
♣≈≈≈≈♣....≈≈≈.....≈≈≈..≈
♣♣..♣≈≈≈≈♣♣♣......≈≈≈♣≈♣♣


You could see Mara and zhovat1's illusion.

Vanquished Creatures
  Bai Suzhen (Swamp:4)
  2 tentacled monstrosities
  2 thorn hunters (Swamp:4)
  Kirke (Swamp:1)
  An orc warlord (Orc:1)
  Louise (Swamp:3)
  Aizul (Swamp:4)
  A minotaur (Gauntlet)
  A fire dragon (Lair:6)
  2 great orbs of eyes
  16 hydras
  A catoblepas (Lair:2)
  2 shambling mangroves (Swamp:3)
  A ghost crab (Swamp:4)
  12 alligators
  A two-headed ogre (D:11)
  A tengu warrior (D:7)
  2 orc high priests (Orc:2)
  12 swamp dragons
  4 spriggan druids
  The ghost of DrKleor the Cleaver, a novice HOMo of Beogh (D:8)
  A wizard (Gauntlet)
  A lindwurm (Lair:6)
  An orc knight (Orc:2)
  An ugly thing (Gauntlet)
  6 oklob plants
  4 orc sorcerers (Orc:2)
  3 black mambas
  13 elephants
  3 cyclopes
  14 spiny frogs
  12 komodo dragons
  A polar bear (Lair:6)
  A jumping spider (Lair:3)
  11 tyrant leeches
  10 hornets
  10 slime creatures
  6 bog bodies
  8 blink frogs
  12 hippogriffs
  2 redbacks (Lair:3)
  Sigmund (D:5)
  5 wyverns
  5 small abominations (Gauntlet)
  6 spriggans
  A shadow (D:7)
  5 hungry ghosts
  A steam dragon (D:10)
  23 yaks
  5 basilisks
  10 vampire mosquitoes
  4 wargs (Orc:2)
  14 swamp worms
  8 insubstantial wisps (Swamp:4)
  14 water moccasins
  2 acid dragons (Lair:6)
  3 porcupines
  20 orc warriors
  13 swamp drakes
  3 ice beasts
  A black bear (D:11)
  A phantom (D:6)
  2 sky beasts
  11 ogres
  4 centaurs
  13 crocodiles
  11 bullfrogs
  3 scorpions
  2 wyvern skeletons
  A killer bee (D:7)
  3 wights (D:9)
  3 crimson imps
  3 howler monkeys
  A quasit (D:11)
  4 bullfrog zombies
  2 centaur zombies
  A bullfrog skeleton (D:8)
  5 hounds
  4 jellies
  19 orc priests
  2 centaur skeletons
  Ijyb (D:5)
  32 orc wizards
  7 iguanas
  7 worker ants
  A hound skeleton (D:9)
  Robin (D:2)
  7 gnolls
  A worker ant zombie (D:7)
  7 adders
  2 shadow imps (D:6)
  A white imp (Gauntlet)
  An ooze (D:3)
  An adder skeleton (D:4)
  An adder zombie (D:6)
  3 worms
  A dart slug (D:2)
  6 leopard geckos
  63 orcs
  13 bats
  6 giant cockroaches
  11 goblins
  9 hobgoblins
  4 jackals (D:9)
  2 quokkas
  5 ball pythons
  5 frilled lizards
  A jackal skeleton (D:4)
  9 kobolds
  8 rats
  A fungus (Lair:6)
  4 plants
646 creatures vanquished.

Vanquished Creatures (others)
  A spriggan (Swamp:3)
  A vampire mosquito (Swamp:1)
  6 humans (Swamp:1)
  A swamp drake (Swamp:1)
  2 demonic plants (Gauntlet)
  7 fungi
  8 plants
26 creatures vanquished.

Grand Total: 672 creatures vanquished

Notes
Turn   | Place    | Note
-------+----------+-------------------------------------------
     0 | D:1      | zhovat1 the Minotaur Fighter began the quest for the Orb.
     0 | D:1      | Reached XP level 1. HP: 19/19 MP: 0/0
     5 | D:1      | You fall through a shaft!
    13 | D:2      | Reached XP level 2. HP: 27/27 MP: 1/1
   263 | D:2      | Found a glowing golden altar of the Shining One.
   265 | D:2      | Found a shattered altar of Ashenzari.
   267 | D:2      | Found a burning altar of Makhleb.
   287 | D:2      | Reached skill level 1 in Unarmed Combat
   347 | D:2      | Noticed Robin
   355 | D:2      | Killed Robin
   355 | D:2      | Reached XP level 3. HP: 29/33 MP: 2/2
   798 | D:2      | Found a faded altar of an unknown god.
   800 | D:2      | Reached XP level 4. HP: 40/40 MP: 3/3
  2221 | D:3      | Found an iron altar of Okawaru.
  2221 | D:3      | Found a faded altar of an unknown god.
  2227 | D:3      | Reached XP level 5. HP: 35/47 MP: 4/4
  2254 | D:3      | Found a white marble altar of Elyvilon.
  2256 | D:3      | Found a radiant altar of Vehumet.
  2263 | D:3      | Found a faded altar of an unknown god.
  2273 | D:3      | Became a worshipper of Warmaster Okawaru
  2377 | D:4      | Noticed an ogre
  2385 | D:4      | Killed an ogre
  2385 | D:4      | Reached skill level 5 in Armour
  2385 | D:4      | Reached XP level 6. HP: 26/55 MP: 5/5
  2609 | D:4      | Reached skill level 5 in Fighting
  2618 | D:4      | Reached skill level 5 in Shields
  2761 | D:4      | Reached * piety under Okawaru
  2761 | D:4      | Reached XP level 7. HP: 51/61 MP: 6/6
  2825 | D:4      | Identified the +1 whip of Leiv {venom, rN+ Int+3}
  2843 | D:4      | Found a runed translucent gate.
  2843 | D:4      | Found a runed translucent gate.
  2843 | D:4      | Found a runed translucent gate.
  2844 | D:4      | Noticed dusk1985's ghost (amateur HOMo)
  3036 | D:5      | Entered Level 5 of the Dungeon
  3142 | D:5      | Found an iron altar of Okawaru.
  3323 | D:5      | Noticed Sigmund
  3333 | D:5      | Reached skill level 5 in Maces & Flails
  3366 | D:5      | Killed Sigmund
  3455 | D:5      | Found a bloodstained altar of Trog.
  3706 | D:5      | Noticed Ijyb
  3710 | D:5      | Killed Ijyb
  3710 | D:5      | Reached ** piety under Okawaru
  3729 | D:5      | Reached XP level 8. HP: 70/70 MP: 7/7
  3841 | D:5      | Found a deep blue altar of Sif Muna.
  3911 | D:5      | Reached skill level 1 in Invocations
  3994 | D:6      | Reached skill level 1 in Evocations
  4808 | D:7      | Found a glowing golden altar of the Shining One.
  4928 | D:7      | Found a staircase to the Ecumenical Temple.
  5361 | D:7      | Identified 2 scrolls of acquirement
  5376 | D:7      | Got a bloodstained plate armour
  5377 | D:7      | Identified the +10 plate armour "Unautoun" {rElec rPois
                  | rC-} (You acquired it on level 7 of the Dungeon)
  5522 | D:7      | Reached XP level 9. HP: 79/79 MP: 8/10
  5618 | D:7      | Found a shadowy altar of Dithmenos.
  5883 | D:7      | Reached *** piety under Okawaru
  5908 | D:7      | Noticed a cyclops
  5908 | D:7      | Noticed a tengu warrior
  6016 | D:7      | Killed a cyclops
  6136 | D:7      | Noticed a great orb of eyes
  6145 | D:7      | Paralysed by a great orb of eyes for 3 turns
  6149 | D:7      | Killed a great orb of eyes
  6249 | D:7      | Noticed a six-headed hydra
  6262 | D:7      | Killed a six-headed hydra
  6262 | D:7      | Reached **** piety under Okawaru
  6262 | D:7      | Reached XP level 10. HP: 90/90 MP: 9/12
  6267 | D:7      | Killed a tengu warrior
  6274 | D:7      | Reached ***** piety under Okawaru
  6431 | D:8      | Found a runed translucent door.
  6487 | D:8      | Reached skill level 5 in Evocations
  6729 | D:8      | Found a shimmering altar of Xom.
  6797 | D:8      | Found a hide-covered altar of Uskayaw.
  6814 | D:8      | Noticed a six-headed hydra
  6815 | D:8      | Noticed DrKleor's ghost (novice HOMo)
  6961 | D:8      | Found a blossoming altar of Fedhas.
  7131 | D:8      | Killed a six-headed hydra
  7131 | D:8      | Received a gift from Okawaru
  7149 | D:8      | Killed DrKleor's ghost
  7167 | D:8      | Got a dazzling war axe
  7169 | D:8      | Identified the +7 war axe of Guilt {vamp, Int+2} (You found
                  | it on level 8 of the Dungeon)
  7295 | D:9      | Found a staircase to the Orcish Mines.
  7686 | D:9      | Reached XP level 11. HP: 97/99 MP: 14/14
  7694 | D:9      | Found an opulent altar of Gozag.
  8039 | D:9      | Reached skill level 10 in Fighting
  8039 | D:9      | Reached skill level 10 in Armour
  8236 | D:10     | Entered Level 10 of the Dungeon
  8540 | D:10     | Reached skill level 10 in Shields
  8886 | D:11     | Found a white marble altar of Elyvilon.
  8887 | D:11     | Found a runed translucent door.
  8887 | D:11     | Noticed an angel
  8922 | D:11     | Received a gift from Okawaru
  8935 | D:11     | Reached skill level 10 in Maces & Flails
  9120 | D:11     | Found a staircase to the Lair.
  9120 | D:11     | Noticed an oklob plant
  9125 | D:11     | Noticed an oklob plant
  9149 | D:11     | Killed an oklob plant
  9175 | D:11     | Killed an oklob plant
  9524 | D:11     | Found Deyniamm's Book Boutique.
  9542 | D:11     | Noticed a two-headed ogre
  9551 | D:11     | Killed a two-headed ogre
  9802 | Lair:1   | Entered Level 1 of the Lair of Beasts
  9924 | Lair:1   | Found a gate leading to a gauntlet.
  9963 | Gauntlet | Entered a Gauntlet
  9963 | Gauntlet | Found a transporter.
  9966 | Gauntlet | Noticed a wizard
  9966 | Gauntlet | Found a transporter.
  9967 | Gauntlet | Found a transporter.
  9967 | Gauntlet | Found a transporter.
  9986 | Gauntlet | Killed a wizard
  9986 | Gauntlet | Received a gift from Okawaru
  9999 | Gauntlet | Found a transporter.
 10027 | Gauntlet | Found a transporter.
 10033 | Gauntlet | Found a transporter.
 10183 | Gauntlet | Found a transporter.
 10191 | Gauntlet | Noticed a great orb of eyes
 10191 | Gauntlet | Found a transporter.
 10192 | Gauntlet | Noticed a cyan ugly thing
 10198 | Gauntlet | Killed a great orb of eyes
 10198 | Gauntlet | Reached ****** piety under Okawaru
 10204 | Gauntlet | Killed a cyan ugly thing
 10215 | Gauntlet | Found a transporter.
 10215 | Gauntlet | Noticed an orange crystal statue
 10215 | Gauntlet | Noticed a wretched star
 10279 | Gauntlet | Found a transporter.
 10316 | Gauntlet | Identified the ring of Attitude {Wiz Str+7 Int+2}
 10316 | Gauntlet | Noticed a minotaur
 10335 | Gauntlet | Killed a minotaur
 10335 | Gauntlet | Reached XP level 12. HP: 75/110 MP: 16/16
 11102 | Lair:2   | Found a staircase to the Swamp.
 11507 | Lair:2   | Noticed a catoblepas
 11526 | Lair:2   | Killed a catoblepas
 11852 | Lair:2   | Noticed a five-headed hydra
 11858 | Lair:2   | Killed a five-headed hydra
 11858 | Lair:2   | Received a gift from Okawaru
 12541 | Lair:3   | Received a gift from Okawaru
 12715 | Lair:3   | Found a hole to the Spider Nest.
 13346 | Lair:4   | Received a gift from Okawaru
 13346 | Lair:4   | Reached XP level 13. HP: 117/118 MP: 18/18
 13349 | Lair:4   | Got a faintly glowing scimitar {god gift}
 14474 | Lair:5   | Received a gift from Okawaru
 14860 | Lair:6   | Entered Level 6 of the Lair of Beasts
 15177 | Lair:6   | Found a staircase to the Slime Pits.
 15238 | Lair:6   | Received a gift from Okawaru
 15865 | Lair:6   | Noticed a fire dragon
 15880 | Lair:6   | Killed a fire dragon
 16557 | Orc:1    | Entered Level 1 of the Orcish Mines
 16810 | Orc:1    | Reached XP level 14. HP: 129/129 MP: 20/20
 17029 | Orc:2    | Entered Level 2 of the Orcish Mines
 17061 | Orc:2    | Noticed an orc warlord
 17098 | Orc:1    | Killed an orc warlord
 17361 | Orc:2    | Found a staircase to the Elven Halls.
 17487 | Orc:2    | Found an iron altar of Okawaru.
 18068 | Orc:2    | Found Haashre's Food Emporium.
 18068 | Orc:2    | Found Iwnezou's Book Shoppe.
 18075 | Orc:2    | Received a gift from Okawaru
 18076 | Orc:2    | Found Lusoot's Armour Shoppe.
 18092 | Orc:2    | Found Eqeil's Assorted Antiques.
 18511 | Swamp:1  | Entered Level 1 of the Swamp
 18766 | Swamp:1  | Reached skill level 10 in Evocations
 18773 | Swamp:1  | Noticed Kirke
 18782 | Swamp:1  | Killed Kirke
 19067 | Swamp:1  | Received a gift from Okawaru
 19680 | Swamp:2  | Found the ring of Shadows {Umbra +Inv Stlth+}
 20227 | Swamp:2  | Noticed a tentacled monstrosity
 20252 | Swamp:2  | Killed a tentacled monstrosity
 20664 | Swamp:3  | Noticed Louise
 20674 | Swamp:3  | HP: 4/133 [bog body/bolt of cold (18)]
 20690 | Swamp:3  | Noticed a tentacled monstrosity
 20701 | Swamp:3  | Killed a tentacled monstrosity
 20701 | Swamp:3  | Reached XP level 15. HP: 45/139 MP: 21/21
 21071 | Swamp:3  | Killed Louise
 21520 | Swamp:3  | Received a gift from Okawaru
 22197 | Swamp:4  | Entered Level 4 of the Swamp
 22641 | Swamp:4  | Noticed Aizul
 22667 | Swamp:4  | Killed Aizul
 22763 | Swamp:4  | Noticed Bai Suzhen
 22789 | Swamp:4  | Killed Bai Suzhen
 22789 | Swamp:4  | Reached skill level 15 in Armour
 22826 | Swamp:4  | Received a gift from Okawaru
 22826 | Swamp:4  | Reached skill level 15 in Fighting
 23062 | Swamp:4  | Reached skill level 15 in Shields
 23114 | Swamp:4  | Received a gift from Okawaru
 23115 | Swamp:4  | Got a dazzling mace {god gift}
 23142 | Swamp:4  | Noticed a thorn hunter
 23277 | Swamp:3  | Identified the +6 mace "Jeefaucre" {protect, +Blink Int+6
                  | Dex+2} (Okawaru gifted it to you on level 4 of the Swamp)
 23293 | Swamp:4  | Killed a thorn hunter
 23293 | Swamp:4  | Reached skill level 15 in Maces & Flails
 23302 | Swamp:4  | Noticed a thorn hunter
 23320 | Swamp:4  | Killed a thorn hunter
 23362 | Swamp:4  | Noticed Mara
 23526 | Swamp:4  | Noticed zhovat1's illusion
 23546 | Swamp:4  | Slain by zhovat1's illusion

Skill      XL: |  1  2  3  4  5  6  7  8  9 10 11 12 13 14 15 |
---------------+----------------------------------------------+-----
Unarmed Combat | 1 2 3 |  3.0
Fighting       | 4 5 6 7 8 9 11 12 13 14 15 | 15.2
Armour         | 4 5 6 7 8 9 11 12 13 14 15 | 15.3
Shields        | 4 5 6 7 8 9 11 12 13 14 15 | 15.2
Maces & Flails | 3 4 5 6 8 9 10 12 13 14 15 | 15.1
Invocations    | 2 4 |  4.3
Evocations     | 2 4 5 7 8 9 10 11 | 11.3

Action                   |  1- 3 |  4- 6 |  7- 9 | 10-12 | 13-15 || total
-------------------------+-------+-------+-------+-------+-------++-------
Melee: Flail             |    92 |   101 |       |       |       ||   193
       Headbutt          |     9 |    34 |    40 |   152 |   310 ||   545
       Morningstar       |       |    44 |   199 |   554 |  1017 ||  1814
Invok: Heroism           |       |       |     1 |       |     3 ||     4
 Abil: Evoke Berserk Rag |       |       |     1 |       |     4 ||     5
  Use: Scroll            |       |       |    22 |     9 |    20 ||    51
       Potion            |       |       |     2 |       |     8 ||    10
 Stab: Confused          |       |       |       |       |     3 ||     3
  Eat: Chunk             |       |     6 |    11 |    25 |    25 ||    67
       Ration            |       |       |     1 |     1 |     3 ||     5
Armor: Scale mail        |    53 |    98 |    64 |       |       ||   215
       Plate armour      |       |       |    63 |   330 |   627 ||  1020
Dodge: Dodged            |    30 |    55 |    42 |   106 |   300 ||   533
Block: Shield            |    67 |   108 |   107 |   292 |   851 ||  1425
